 Dungeon Crawl Stone Soup version 0.24.0-13-gcf9b319 (webtiles) character file.

Game seed: 18095326914210303323, levelgen mode: deterministic

371 Fang the Shield-Bearer (level 6, 0/40 HPs)
             Began as a Gargoyle Fighter on Dec 19, 2019.
             Slain by an orc wizard
             ... wielding a +0 dagger
              (1 damage)
             ... on level 4 of the Dungeon on Dec 20, 2019.
             The game lasted 00:04:45 (2491 turns).

Fang the Shield-Bearer (Gargoyle Fighter)           Turns: 2491, Time: 00:04:45

Health: 0/40       AC: 11    Str: 22    XL:     6   Next: 71%
Magic:  6/6        EV:  7    Int:  8    God:
Gold:   158        SH:  9    Dex:  9    Spells: 5/5 levels left

rFire    . . .     SeeInvis .   a - +0 war axe
rCold    . . .     Gourm    .   c - +0 shield
rNeg     + . .     Faith    .   b - +0 scale mail
rPois    ∞         Spirit   .   (no helmet)
rElec    +         Reflect  .   (no cloak)
rCorr    .         Harm     .   (no gloves)
MR       .....                  (no boots)
Stlth    ..........             (no amulet)
HPRegen  0.13/turn              (no ring)
MPRegen  0.10/turn              (no ring)

@: no status effects
A: negative energy resistance 1, electricity resistance, unbreathing,
petrification resistance, rot immunity, AC +4
a: no special abilities


You were on level 4 of the Dungeon.
You were not hungry.

You visited 1 branch of the dungeon, and saw 4 of its levels.

You collected 158 gold pieces.

Inventory:

Hand Weapons
 a - a +0 war axe (weapon)
Armour
 b - a +0 scale mail (worn)
 c - a +0 shield (worn)
Scrolls
 i - a scroll of magic mapping {unknown}
 j - a scroll of teleportation {unknown}
 p - a scroll of enchant armour {unknown}
Potions
 d - a potion of might
 e - a potion of heal wounds {unknown}
 h - a potion of berserk rage {unknown}
 k - a potion of flight {unknown}
 l - a potion of ambrosia {unknown}
 m - a potion of resistance {unknown}
 n - 2 potions of degeneration {unknown}
 o - a potion of curing {unknown}
Comestibles
 f - 6 rations
 g - 2 chunks of flesh


   Skills:
 + Level 4.9 Fighting
 + Level 3.4 Axes
 + Level 4.9 Armour
 + Level 4.9 Shields


You had 5 spell levels left.
You didn't know any spells.
Your spell library was empty.

Dungeon Overview and Level Annotations

Branches:
Dungeon (4/15)
 Temple: D:4-7

Altars:
Ashenzari
Okawaru
Ru
Zin


Innate Abilities, Weirdness & Mutations

You are resistant to torment.
Your stone body is resilient. (AC +4)
You are immune to poison.
You resist negative energy. (rN+)
You are resistant to electric shocks. (rElec)
You can survive without breathing.
You are immune to petrification.
You are immune to rotting.


Message History

You closely miss something.
Something hits you but does no damage. x3
You miss something. Something hits you but does no damage. Something hits you.
* * * LOW HITPOINT WARNING * * *
You closely miss something. Something completely misses you.
Something hits you but does no damage.
You closely miss something. Something hits you but does no damage.
Something hits you.
* * * LOW HITPOINT WARNING * * *
You closely miss something.
You hear some strange, mumbled words.
A puff of flame appears from out of thin air!
The puff of flame hits you!
* * * LOW HITPOINT WARNING * * *
Something hits you.
* * * LOW HITPOINT WARNING * * *
You miss something.
You hear some strange, mumbled words.
A puff of frost appears from out of thin air!
The puff of frost misses you. Something hits you.
You die...

#.##....#.# #...
#.##.##.#.#####..
#...
#.##.##.#..).....
#....
#................
...
####.##.#........
...
#.......##....
##.# #.##.##.#
.#..
#..{####.##.##.#
.#..
#@#......##.# # .
##..#.#####.#
#....# #.#
#..#.....
.#.###### ....#
######


There were no monsters in sight!

Vanquished Creatures
  An ogre (D:4)
  A scorpion (D:4)
  An orc wizard (D:4)
  An orc priest (D:4)
  2 worker ants (D:4)
  3 adders
  A howler monkey skeleton (D:4)
  2 oozes
  An adder skeleton (D:2)
  2 worms (D:3)
  A dart slug (D:1)
  2 leopard geckos
  A ball python (D:3)
  5 giant cockroaches
  8 goblins
  12 hobgoblins
  2 jackals (D:2)
  6 kobolds
  2 quokkas
  12 bats
  3 frilled lizards
  3 rats
72 creatures vanquished.

Notes
Turn   | Place    | Note
-------+----------+-------------------------------------------
     0 | D:1      | Fang the Gargoyle Fighter began the quest for the Orb.
     0 | D:1      | Reached XP level 1. HP: 14/14 MP: 1/1
    78 | D:1      | Reached XP level 2. HP: 18/19 MP: 2/2
   350 | D:1      | Reached XP level 3. HP: 22/23 MP: 3/3
   912 | D:2      | Reached XP level 4. HP: 27/29 MP: 4/4
  1401 | D:3      | Found an iron altar of Okawaru.
  1760 | D:3      | Found a sacrificial altar of Ru.
  1825 | D:3      | Found a glowing silver altar of Zin.
  1856 | D:3      | Reached XP level 5. HP: 24/33 MP: 5/5
  2126 | D:4      | Found a shattered altar of Ashenzari.
  2225 | D:4      | Noticed an ogre
  2231 | D:4      | Killed an ogre
  2231 | D:4      | Reached XP level 6. HP: 10/39 MP: 6/6
  2490 | D:4      | HP: 2/40 [something/puff of flame (7)]
  2491 | D:4      | Slain by an orc wizard

Levels and vault maps discovered:
D:1:      dpeg_arrival_short_road, layout_basic, st_stairs_11
D:2:      layout_basic
D:3:      layout_loops_ring, nicolae_ru_path_of_blood, lemuel_round_altar,
          okawaru_gym_becter, first_ration, grunt_ministairs_13, chequers_garden
D:4:      layout_loops_cross, kennysheep_vampire_church, chequers_avenue,
          cheibrodos_ashenzari_chains

Skill      XL: |  1  2  3  4  5 |
---------------+----------------+-----
Axes           | 2 3 |  3.4
Armour         | 4 |  4.9
Shields        | 4 |  4.9
Fighting       | 4 |  4.9

Action                   |  1- 3 |  4- 6 || total
-------------------------+-------+-------++-------
Melee: War axe           |   108 |   188 ||   296
  Use: Potion            |       |     1 ||     1
  Eat: Chunk             |       |     6 ||     6
Armor: Scale mail        |    59 |   125 ||   184
Dodge: Dodged            |    39 |    55 ||    94
Block: Shield            |    56 |    99 ||   155
